 Dungeon Crawl Stone Soup version 0.28.0-53-g5a82cb258f (webtiles) character file.

Game seed: 12371745804921552428

39 H0rd4k the Charlatan (level 3, -1/26 HPs)
             Began as a Human Artificer on June 23, 2022.
             Slain by an endoplasm (3 damage)
             ... on level 2 of the Dungeon.
             The game lasted 00:01:03 (2259 turns).

H0rd4k the Charlatan (Human Artificer)              Turns: 2259, Time: 00:01:03

Health: -1/26      AC:  3    Str: 12    XL:     3   Next: 67%
Magic:  3/3        EV: 11    Int: 13    God:
Gold:   45         SH:  0    Dex: 13    Spells: 2/2 levels left

rFire   . . .      SeeInvis .   a - +0 club
rCold   . . .      Faith    .   (no shield)
rNeg    . . .      Spirit   .   b - +0 leather armour
rPois   .          Reflect  .   (no helmet)
rElec   .          Harm     .   (no cloak)
rCorr   .          Rampage  .   (no gloves)
Will    .....                   (no boots)
Stlth   +.........              (no amulet)
HPRegen 0.08/turn               (no ring)
MPRegen 0.08/turn               (no ring)

@: no status effects
A: no striking features
a: no special abilities


You were on level 2 of the Dungeon.
You visited 1 branch of the dungeon, and saw 2 of its levels.

You collected 45 gold pieces.

Inventory:

Hand Weapons
 a - a +0 club (weapon)
Armour
 b - a +0 leather armour (worn)
Wands
 c - a wand of flame (15) (quivered)
 d - a wand of charming (15)
Scrolls
 f - 9 scrolls of identify {unknown}
 j - a scroll of magic mapping {unknown}
Potions
 g - a potion of resistance {unknown}
 h - a potion of brilliance {unknown}
 i - a potion of haste {unknown}
Miscellaneous
 e - a piece from Xom's chessboard (15/15)


   Skills:
 + Level 1.2 Fighting
 + Level 1.0 Maces & Flails
 - Level 2.0 Armour
 + Level 1.3 Dodging
 - Level 1.0 Stealth
 + Level 4.0 Evocations


You had 2 spell levels left.
You didn't know any spells.
Your spell library was empty.

Dungeon Overview and Level Annotations

Branches:
Dungeon (2/15)

Altars:


Message History

The endoplasm jiggles.
The kobold hits you with a +0 dagger. The endoplasm freezes you.
You are frozen.
You hit the kobold but do no damage.
The kobold is severely wounded.
The kobold hits you with a +0 dagger. The endoplasm freezes you.
You are frozen.
You hit the kobold.
The kobold is severely wounded.
The kobold hits you with a +0 dagger.
The endoplasm hits you but does no damage.
The kobold barely misses you.
You barely miss the kobold.
The kobold is severely wounded.
The endoplasm freezes you.
You are frozen.
The kobold hits you but does no damage. The endoplasm freezes you.
You are frozen.
You are too injured to fight recklessly!
You are too injured to fight recklessly!
You are too injured to fight recklessly!
You hit the kobold.
You kill the kobold!
The endoplasm hits you but does no damage.
Your Maces & Flails skill increases to level 1!
You hit the endoplasm but do no damage. The endoplasm freezes you.
You are frozen.
* * * LOW HITPOINT WARNING * * *
You hit the endoplasm but do no damage.
The endoplasm hits you but does no damage.
You hit the endoplasm.
The endoplasm is moderately wounded.
The endoplasm freezes you.
You are frozen.
* * * LOW HITPOINT WARNING * * *
The endoplasm hits you.
You die...

#. #...... .... . #.....
....#####. #.....
)........# #####.... #
..........##......# .#
...........#......# ..#
.....#####...)....##...#
##.....##....@.......#
#..#.<..#.....J.)....#
#.......#............#
#.<._.#..............#
#.......#............#
#..#.<..#............#
##.....##..............
...#####........#######
.... ..#......#


You could see an endoplasm.

Vanquished Creatures
  A dart slug (D:1)
  3 bats (D:1)
  An endoplasm (D:2)
  2 giant cockroaches (D:1)
  4 goblins (D:1)
  6 hobgoblins (D:1)
  3 jackals (D:1)
  3 kobolds
  2 quokkas (D:1)
  A frilled lizard (D:1)
  5 rats
31 creatures vanquished.

Notes
Turn   | Place    | Note
-------+----------+-------------------------------------------
     0 | D:1      | H0rd4k the Human Artificer began the quest for the Orb.
     0 | D:1      | Reached XP level 1. HP: 15/15 MP: 1/1
   368 | D:1      | Reached XP level 2. HP: 18/21 MP: 2/2
  1129 | D:1      | Reached XP level 3. HP: 11/26 MP: 3/3
  1303 | D:1      | Reached skill level 4 in Evocations
  2207 | D:2      | Found a faded altar of an unknown god.
  2255 | D:2      | Reached skill level 1 in Maces & Flails
  2259 | D:2      | Slain by an endoplasm

Illustrated notes

Levels and vault maps discovered:
D:1:      dpeg_arrival_erosion, layout_basic, minmay_split_cup_small
D:2:      layout_basic, nicolae_ecumenical_pavilion, serial_shops,
          nicolae_shop_crystal, basic_altar, hex_tiny,
          kennysheep_generic_room_4, uniq_jessica, uniq_robin

Skill      XL: |  1  2  3 |
---------------+----------+-----
Evocations     | 4 |  4.0
Maces & Flails | 1 |  1.0
Fighting       | |  1.2
Armour         | |  2.0
Dodging        | |  1.3
Stealth        | |  1.0

Action                   || total
-------------------------++-------
Melee: Club              ||   182
       Punch             ||     3
 Stab: Sleeping          ||     2
Armor: Leather armour    ||    62
Dodge: Dodged            ||   125
